TOP OF THE 1ST |
Casper Ghosts batting - Pitching for Bismarck Barons : RHP Domingo León
|
Pitching: RHP Domingo León
|
|
Batting: RHB Aurelio Cruz
|
0-0: Foul Ball, location: 2F 0-1: Ball 1-1: Ground out 4-3 (Groundball, 4M)
|
Batting: RHB Manuel Pérez
|
0-0: Ball 1-0: Swinging Strike 1-1: Ball 2-1: Called Strike 2-2: Ball 3-2: Foul Ball, location: 2F 3-2: Foul Ball, location: 2F 3-2: Strikes out swinging
|
Batting: RHB Júlio Sánchez
|
0-0: Called Strike 0-1: Foul Ball, location: 2F 0-2: Ball 1-2: Ball 2-2: Ground out U3 (Groundball, 34)
|
Top of the 1st over - 0 run(s), 0 hit(s), 0 error(s), 0 left on base; Casper 0 - Bismarck 0 |
BOTTOM OF THE 1ST |
Bismarck Barons batting - Pitching for Casper Ghosts : LHP Ben Reyes
|
Pitching: LHP Ben Reyes
|
|
Batting: SHB Álex Hernández
|
0-0: Ball 1-0: Called Strike 1-1: Called Strike 1-2: Ground out 6-3 (Groundball, 6)
|
Batting: RHB Dennis Garner
|
0-0: Ball 1-0: Called Strike 1-1: Foul Ball, location: 2F 1-2: Fly out, F6 (Popup, 4MD)
|
Batting: SHB Manuel Hegnauer
|
0-0: Foul Ball, location: 2F 0-1: Ball 1-1: Fly out, F2 (Popup, 23)
|
Bottom of the 1st over - 0 run(s), 0 hit(s), 0 error(s), 0 left on base; Casper 0 - Bismarck 0 |
TOP OF THE 2ND |
Casper Ghosts batting - Pitching for Bismarck Barons : RHP Domingo León
|
Batting: LHB Ralph Cobb
|
0-0: Ball 1-0: Ball 2-0: Called Strike 2-1: Ball 3-1: Base on Balls
|
Batting: RHB Juan García
|
0-0: Ball 1-0: Foul Ball, location: 2F 1-1: Ball 2-1: Called Strike 2-2: Strikes out looking
|
Batting: LHB Jeff Forsyth
|
0-0: Foul Ball, location: 2F 0-1: Ball Ralph Cobb steals 2nd base 1-1: DOUBLE (Flyball, 89D) Ralph Cobb scores
|
Batting: RHB Hunter Plunket
|
0-0: Ball 1-0: Called Strike 1-1: Foul Ball, location: 2F 1-2: Strikes out swinging
|
Batting: SHB José González
|
0-0: Fly out, F7 (Flyball, 7)
|
Top of the 2nd over - 1 run(s), 1 hit(s), 0 error(s), 1 left on base; Casper 1 - Bismarck 0 |
BOTTOM OF THE 2ND |
Bismarck Barons batting - Pitching for Casper Ghosts : LHP Ben Reyes
|
Batting: LHB Johnny Foley
|
0-0: Called Strike 0-1: Swinging Strike 0-2: Ball 1-2: Ball 2-2: Ball 3-2: Strikes out looking
|
Batting: LHB José Martínez
|
0-0: Ball 1-0: Fly out, F8 (Flyball, 8RM)
|
Batting: RHB Fernando Castellanos
|
0-0: Ball 1-0: Ball 2-0: Called Strike 2-1: Ball 3-1: Foul Ball, location: 2F 3-2: Foul Ball, location: 2F 3-2: Base on Balls
|
Batting: RHB Mark Roy
|
0-0: Called Strike 0-1: DOUBLE (Line Drive, 8LD) Fernando Castellanos to third
|
Batting: RHB Felipe Domínguez
|
0-0: Ball 1-0: Ball 2-0: Ground out 5-3 (Groundball, 56)
|
Bottom of the 2nd over - 0 run(s), 1 hit(s), 0 error(s), 2 left on base; Casper 1 - Bismarck 0 |
TOP OF THE 3RD |
Casper Ghosts batting - Pitching for Bismarck Barons : RHP Domingo León
|
Batting: RHB Peter Bryant
|
0-0: Ground out 5-3 (Groundball, 56)
|
Batting: RHB Aurelio Cruz
|
0-0: Ball 1-0: Ground out 6-3 (Groundball, 56)
|
Batting: RHB Manuel Pérez
|
0-0: Called Strike 0-1: Called Strike 0-2: Foul Ball, location: 2F 0-2: Ball 1-2: Ball 2-2: Strikes out swinging
|
Top of the 3rd over - 0 run(s), 0 hit(s), 0 error(s), 0 left on base; Casper 1 - Bismarck 0 |
BOTTOM OF THE 3RD |
Bismarck Barons batting - Pitching for Casper Ghosts : LHP Ben Reyes
|
Batting: RHB Pancho Torres
|
0-0: Called Strike 0-1: Ball 1-1: Ball 2-1: Ball 3-1: Fly out, F4 (Popup, 3D)
|
Batting: SHB Álex Hernández
|
0-0: Ball 1-0: Ground out 4-3 (Groundball, 4)
|
Batting: RHB Dennis Garner
|
0-0: Swinging Strike 0-1: Foul Ball, location: 2F 0-2: Ball 1-2: Ball 2-2: Foul Ball, location: 2F 2-2: Strikes out swinging
|
Bottom of the 3rd over - 0 run(s), 0 hit(s), 0 error(s), 0 left on base; Casper 1 - Bismarck 0 |
TOP OF THE 4TH |
Casper Ghosts batting - Pitching for Bismarck Barons : RHP Domingo León
|
Batting: RHB Júlio Sánchez
|
0-0: Ball 1-0: Ball 2-0: Ball 3-0: Called Strike 3-1: Ground out 3-1 (Groundball, 34)
|
Batting: LHB Ralph Cobb
|
0-0: Fly out, F8 (Flyball, 8LS)
|
Batting: RHB Juan García
|
0-0: Swinging Strike 0-1: Ball 1-1: Fly out, F8 (Flyball, 89M)
|
Top of the 4th over - 0 run(s), 0 hit(s), 0 error(s), 0 left on base; Casper 1 - Bismarck 0 |
BOTTOM OF THE 4TH |
Bismarck Barons batting - Pitching for Casper Ghosts : LHP Ben Reyes
|
Batting: SHB Manuel Hegnauer
|
0-0: Called Strike 0-1: Ball 1-1: Ball 2-1: Ball 3-1: Ground out 6-3 (Groundball, 6)
|
Batting: LHB Johnny Foley
|
0-0: Foul Ball, location: 2F 0-1: Foul Ball, location: 2F 0-2: Ball 1-2: Ball 2-2: Ground out U3 (Groundball, 34S)
|
Batting: LHB José Martínez
|
0-0: Swinging Strike 0-1: Ball 1-1: Ball 2-1: Ball 3-1: Foul Ball, location: 2F 3-2: Strikes out swinging
|
Bottom of the 4th over - 0 run(s), 0 hit(s), 0 error(s), 0 left on base; Casper 1 - Bismarck 0 |
TOP OF THE 5TH |
Casper Ghosts batting - Pitching for Bismarck Barons : RHP Domingo León
|
Batting: LHB Jeff Forsyth
|
0-0: Ball 1-0: Fly out, F7 (Flyball, 78D)
|
Batting: RHB Hunter Plunket
|
0-0: SINGLE (Groundball, 4D)
|
Batting: SHB José González
|
0-0: Ball 1-0: Foul Ball, location: 2F 1-1: Ball 2-1: Foul Ball, location: 2F 2-2: Ground out U3 (Groundball, 3S) Hunter Plunket to second
|
Batting: RHB Peter Bryant
|
0-0: Ball 1-0: Foul Ball, location: 2F 1-1: Ball 2-1: Ball 3-1: Ground out 4-3 (Groundball, 4M)
|
Top of the 5th over - 0 run(s), 1 hit(s), 0 error(s), 1 left on base; Casper 1 - Bismarck 0 |
BOTTOM OF THE 5TH |
Bismarck Barons batting - Pitching for Casper Ghosts : LHP Ben Reyes
|
Batting: RHB Fernando Castellanos
|
0-0: Called Strike 0-1: Swinging Strike 0-2: Fly out, F9 (Flyball, 9)
|
Batting: RHB Mark Roy
|
0-0: Called Strike 0-1: Ball 1-1: Ball 2-1: Swinging Strike 2-2: Foul Ball, location: 2F 2-2: Foul Ball, location: 2F 2-2: Ball 3-2: Hit by Pitch
|
Batting: RHB Felipe Domínguez
|
0-0: Called Strike 0-1: Reached on error, E5 (Groundball, 5L) Mark Roy to second
|
Batting: RHB Pancho Torres
|
0-0: Called Strike 0-1: Foul Ball, location: 2F 0-2: SINGLE (Flyball, 78S) Mark Roy to third Felipe Domínguez to second
|
Batting: SHB Álex Hernández
|
0-0: Foul Ball, location: 2F 0-1: Grounds into fielders choice 1-2 (Groundball, 13S) Felipe Domínguez to third Pancho Torres to second
|
Batting: RHB Dennis Garner
|
0-0: Foul Ball, location: 2F 0-1: Called Strike 0-2: Strikes out swinging
|
Bottom of the 5th over - 0 run(s), 1 hit(s), 1 error(s), 3 left on base; Casper 1 - Bismarck 0 |
TOP OF THE 6TH |
Casper Ghosts batting - Pitching for Bismarck Barons : RHP Domingo León
|
Batting: RHB Aurelio Cruz
|
0-0: Ball 1-0: Called Strike 1-1: Ball 2-1: Swinging Strike 2-2: Ball 3-2: Ground out U3 (Groundball, 34S)
|
Batting: RHB Manuel Pérez
|
0-0: Called Strike 0-1: Swinging Strike 0-2: Ground out 6-3 (Groundball, 6M)
|
Batting: RHB Júlio Sánchez
|
0-0: Fly out, F7 (Flyball, 7LM)
|
Top of the 6th over - 0 run(s), 0 hit(s), 0 error(s), 0 left on base; Casper 1 - Bismarck 0 |
BOTTOM OF THE 6TH |
Bismarck Barons batting - Pitching for Casper Ghosts : LHP Ben Reyes
|
Batting: SHB Manuel Hegnauer
|
0-0: Called Strike 0-1: Ball 1-1: Foul Ball, location: 2F 1-2: Ground out 1-3 (Groundball, 13)
|
Batting: LHB Johnny Foley
|
0-0: Ground out 4-3 (Groundball, 4)
|
Batting: LHB José Martínez
|
0-0: Called Strike 0-1: Ball 1-1: Ball 2-1: Ball 3-1: Called Strike 3-2: Foul Ball, location: 2F 3-2: Base on Balls
|
Pitching: LHP Pablo Solíz
|
|
Batting: RHB Fernando Castellanos
|
0-0: Ball 1-0: Reached on error, E5 (Groundball, 56) José Martínez to second
|
Batting: RHB Mark Roy
|
0-0: Foul Ball, location: 2F 0-1: Swinging Strike 0-2: Ball 1-2: Strikes out swinging
|
Bottom of the 6th over - 0 run(s), 0 hit(s), 1 error(s), 2 left on base; Casper 1 - Bismarck 0 |
TOP OF THE 7TH |
Casper Ghosts batting - Pitching for Bismarck Barons : RHP Domingo León
|
Batting: LHB Ralph Cobb
|
0-0: Ball 1-0: Called Strike 1-1: Swinging Strike 1-2: Fly out, F8 (Flyball, 78D)
|
Batting: RHB Juan García
|
0-0: Ball 1-0: Foul Ball, location: 2F 1-1: Ground out 5-3 (Groundball, 56)
|
Batting: LHB Jeff Forsyth
|
0-0: Called Strike 0-1: Called Strike 0-2: Strikes out swinging
|
Top of the 7th over - 0 run(s), 0 hit(s), 0 error(s), 0 left on base; Casper 1 - Bismarck 0 |
BOTTOM OF THE 7TH |
Bismarck Barons batting - Pitching for Casper Ghosts : LHP Pablo Solíz
|
Batting: RHB Felipe Domínguez
|
0-0: Ball 1-0: Foul Ball, location: 2F 1-1: Ground out 5-3 (Groundball, 56S)
|
Batting: RHB Pancho Torres
|
0-0: Ground out U3 (Groundball, 3L)
|
Batting: SHB Álex Hernández
|
0-0: Called Strike 0-1: Ball 1-1: Called Strike 1-2: Foul Ball, location: 2F 1-2: Ball 2-2: Ball 3-2: Foul Ball, location: 2F 3-2: SINGLE (Groundball, 56D)
|
Pinch Hitting: RHB Seiji Kouno
|
0-0: Ball Álex Hernández steals 2nd base 1-0: Swinging Strike 1-1: Swinging Strike 1-2: Strikes out swinging
|
Bottom of the 7th over - 0 run(s), 1 hit(s), 0 error(s), 1 left on base; Casper 1 - Bismarck 0 |
TOP OF THE 8TH |
Casper Ghosts batting - Pitching for Bismarck Barons : RHP Domingo León
|
Pitching: RHP Wilson Molina
|
|
Now at SS: Jeff Chambers
|
|
Batting: RHB Hunter Plunket
|
0-0: Called Strike 0-1: Ball 1-1: Swinging Strike 1-2: Ball 2-2: Foul Ball, location: 2F 2-2: Strikes out swinging
|
Batting: SHB José González
|
0-0: Ground out 4-3 (Groundball, 34)
|
Batting: RHB Peter Bryant
|
0-0: Ball 1-0: Swinging Strike 1-1: Ball 2-1: Ball 3-1: Foul Ball, location: 2F 3-2: Base on Balls
|
Batting: RHB Aurelio Cruz
|
0-0: Called Strike 0-1: Ball 1-1: Ball 2-1: Called Strike Peter Bryant is caught stealing 2nd base
|
Top of the 8th over - 0 run(s), 0 hit(s), 0 error(s), 0 left on base; Casper 1 - Bismarck 0 |
BOTTOM OF THE 8TH |
Bismarck Barons batting - Pitching for Casper Ghosts : LHP Pablo Solíz
|
Batting: SHB Manuel Hegnauer
|
0-0: Ground out 6-3 (Groundball, 6)
|
Batting: LHB Johnny Foley
|
0-0: Ball 1-0: Ball 2-0: Ball 3-0: Base on Balls
|
Batting: LHB José Martínez
|
0-0: Ball 1-0: Ball 2-0: Called Strike 2-1: Swinging Strike 2-2: SINGLE (Line Drive, 9LS) Johnny Foley to second Runner from 2nd tries for 3rd, SAFE, no throw
|
Batting: RHB Fernando Castellanos
|
0-0: Ball 1-0: Called Strike 1-1: Ball 2-1: Called Strike 2-2: Foul Ball, location: 2F 2-2: Ball 3-2: Base on Balls José Martínez to second
|
Pinch Hitting: RHB Jon Krohne
|
0-0: Ball 1-0: Ball 2-0: Foul Ball, location: 2F 2-1: Swinging Strike 2-2: Ball 3-2: Foul Ball, location: 2F 3-2: Strikes out swinging
|
Pinch Hitting: RHB Félix Trevino
|
0-0: Ball 1-0: Called Strike 1-1: Swinging Strike 1-2: Ball 2-2: Foul Ball, location: 2F 2-2: Foul Ball, location: 2F 2-2: Ball 3-2: Base on Balls Johnny Foley scores José Martínez to third Fernando Castellanos to second
|
Batting: RHB Pancho Torres
|
0-0: Swinging Strike 0-1: Ball 1-1: Fielders Choice at 2nd, 5-4 (Groundball, 56)
|
Bottom of the 8th over - 1 run(s), 1 hit(s), 0 error(s), 2 left on base; Casper 1 - Bismarck 1 |
BOTTOM OF THE 9TH |
Bismarck Barons batting - Pitching for Casper Ghosts : LHP Pablo Solíz
|
Pitching: RHP Derrick Hall
|
|
Now at C: Mark Arnold
|
|
Now in LF: Troy Reed
|
|
Batting: SHB Álex Hernández
|
0-0: Ball 1-0: Called Strike 1-1: SINGLE (Groundball, 5D)
|
Batting: SHB Jeff Chambers
|
0-0: Swinging Strike 0-1: Ball 1-1: Ball 2-1: Ball 3-1: Fly out, F8 (Flyball, 8RM)
|
Batting: SHB Manuel Hegnauer
|
0-0: DOUBLE (Line Drive, 9LM) Álex Hernández to third Runner from 3rd tries for Home, SAFE, no throw
|
Pinch Hitting: LHB Jorge Fernández
|
0-0: Called Strike 0-1: Ball Passed Ball! Manuel Hegnauer to third 1-1: Ground out 6-3 (Groundball, 6)
|
Batting: LHB José Martínez
|
0-0: Ball 1-0: Fly out, F7 (Flyball, 7LSF)
|
Bottom of the 9th over - 1 run(s), 2 hit(s), 0 error(s), 1 left on base; Casper 3 - Bismarck 2 |
|